Description

Some test standart opening

Build Order

Get SALT Encoding   

  14  0:17  Pylon  
  15  0:37  Gateway  
  16  0:48  Assimilator  
  19  1:20  Nexus  
  19  1:30  Cybernetics Core  
  20  1:40  Assimilator  
  21  1:49  Pylon  
  22  2:02  Warp Gate  
  22  2:07  Adept  
  25  2:17  Mothership Core (Chrono Boost)  
  25  2:21  Pylon  
  27  2:35  Robotics Facility  
  29  2:46  Stalker (Chrono Boost)  
  33  3:10  Gateway  
  35  3:14  Gateway  
  36  3:21  Observer (Chrono Boost)  
  38  3:27  Stalker  
  42  3:40  Observer  
  42  3:41  Pylon  
  45  3:52  Pylon  
  45  4:02  Immortal  
  46  4:05  Assimilator  
  53  4:15  Stalker x2  
  57  4:21  Stalker  
  61  4:35  Pylon  
  62  4:38  Immortal  
  62  4:39  Pylon  
  66  4:56  Gateway x2  
  66  4:58  Gateway  
  66  5:01  Gateway  
Spawning Tool Build Advisor. Get it on Overwolf

Go to:

Details

  • Created by: Colt
  • Published on: Aug 25, 2017
  • Modified on: Aug 25, 2017
  • Patch: 3.8.0
Show
View Real Time Build Order
Export as new Build Order

Comments (0)

There are no comments. Be the first!

Create an account to comment!